AoeStats
← Dübel Dieter

Arabia

508031253Analyzed
1v1 RM · 12d ago on Sep 20, 2026· 34m 36s· 2 players
Game mode
Random Map
Map size
Tiny (2 player)
Population
200
Speed
Normal
Resources
Standard
Victory
Conquest
Starting age
Dark Age
Ending age
Imperial Age
RankedLock teamsTeams togetherTeam positionsShared explorationLock speedFull tech treeHidden civsTurbo modeCheats
Victory
Defeat
🇦🇷 Vikings · Argentina
1040
+15
🇩🇪 Franks · Germany
1029
-15
Dübel Dieter
6:54 Loom
9:55 Feudal Age
10:49 Double-Bit Axe
23:28 Castle Age
24:44 Gold Mining
25:47 Forging
26:50 Scale Barding Armor
29:30 Wheelbarrow
29:21 Devotion
30:55 Bow Saw
32:16 Hand Cart
34:26 Iron Casting
34:12 Chain Barding Armor
35:04 Gold Shaft Mining
34:19 Stone Mining
Lobenhoffer
1:20 Loom
10:44 Feudal Age
10:49 Man-at-Arms
18:21 Double-Bit Axe
18:19 Horse Collar
21:54 Castle Age
20:49 Forging
21:08 Gold Mining
22:10 Stone Mining
22:19 Arson
22:22 Long Swordsman
23:05 Town Watch
23:44 Scale Mail Armor
24:33 Gambesons
25:24 Pikeman
28:07 Bow Saw
28:00 Heavy Plow
29:38 Squires
31:02 Iron Casting
34:36 Gold Shaft Mining
Connection lost

Rejoining the realm…

Still unreachable

The connection could not be restored.

Session expired

The server has moved on; the page needs a fresh start.